 Dungeon Crawl Stone Soup version 0.31-a0-799-g6bc09d010c (webtiles) character file.

Game seed: 12005446553510057160

13154 cforsyth the Fighter (level 12, -5/89 HPs)
             Began as a Djinni Delver on Sept 20, 2023.
             Was a High Priest of Hepliaklqana.
             Killed from afar by a tengu conjurer (25 damage)
             ... with a bolt of lightning
             ... on level 12 of the Dungeon.
             The game lasted 00:17:05 (10276 turns).

cforsyth the Fighter (Djinni Delver)               Turns: 10276, Time: 00:17:06

Health: -5/89      AC:  4    Str: 11    XL:     12   Next: 29%
Gold:   1697       EV: 12    Int: 23    God:    Hepliaklqana [*****.] SH:  0 Dex: 15

rFire   + + +        i - +5 scythe "Finisher" {speed, execute}
rCold   . . .        (shield currently unavailable)
rNeg    . . .        b - +0 leather armour
rPois   ∞            I - +0 helmet
rElec   .            H - scarf {rC+ rF+}
rCorr   .            (no gloves)
SInv    .            (boots unavailable)
Will    ++...        s - amulet of regeneration
Stlth   ++           w - ring of willpower
HPRegen 1.14/turn    n - +6 ring of intelligence
MPRegen 0.00/turn

%: infuse magic (-6 HP)
@: flying, studying Maces & Flails
A: reduced essence, sickness immunity, fire resistance 2, cold vulnerability 1,
float, innate caster, HP casting, extra vitality 1
a: Renounce Religion, Recall Ancestor, Ancestor Identity, Transference, Idealise


You were on level 12 of the Dungeon.
You worshipped Hepliaklqana.
Hepliaklqana was extremely pleased with you.
You visited 1 branch of the dungeon, and saw 12 of its levels.
You also visited: Bailey.

You collected 1697 gold pieces.

Inventory:

Hand Weapons
 a - a +0 falchion
 i - the +5 scythe "Finisher" (weapon) {speed, execute}
   (You found it on level 8 of the Dungeon)
 M - a +3 short sword
Missiles
 G - a throwing net
Armour
 b - a +0 leather armour (worn)
 y - a +0 helmet
 H - a scarf of resistance (worn)
 I - a +0 helmet (worn)
Jewellery
 k - a ring of protection from fire
 n - a +6 ring of intelligence (right hand)
 s - an amulet of regeneration (around neck)
 w - a ring of willpower (left hand)
 F - a ring of resist corrosion
 L - a ring of positive energy
Wands
 g - a wand of digging (2)
 r - a wand of flame (21)
 D - a wand of charming (8)
 N - a wand of polymorph (8)
 S - a wand of quicksilver (4)
Scrolls
 c - 3 scrolls of fog
 d - 6 scrolls of revelation
 e - 4 scrolls of fear
 j - 4 scrolls of identify
 l - 2 scrolls of enchant armour {unknown}
 m - 4 scrolls of blinking {unknown}
 o - 2 scrolls of teleportation {unknown}
 p - 3 scrolls of poison {unknown}
 t - a scroll of noise {unknown}
 u - a scroll of immolation {unknown}
 x - 2 scrolls of brand weapon {unknown}
 C - 3 scrolls of enchant weapon {unknown}
 E - a scroll of silence {unknown}
 Q - a scroll of torment {unknown}
Potions
 f - 5 potions of haste
 h - 5 potions of curing
 q - 2 potions of brilliance
 v - 2 potions of resistance
 z - 3 potions of invisibility
 A - 2 potions of attraction
 B - a potion of cancellation
 J - 2 potions of enlightenment {unknown}
 K - a potion of mutation {unknown}
 O - 2 potions of heal wounds {unknown}
 P - a potion of berserk rage {unknown}
 R - a potion of might {unknown}


   Skills:
 + Level 13.7 Fighting
 - Level 1.7 Long Blades
 - Level 2.1 Dodging
 - Level 4.1 Stealth
 + Level 10.1 Spellcasting
 + Level 10.1 Conjurations
 + Level 10.1 Hexes
   Level 0.0 Charms
 + Level 10.1 Summonings
 + Level 10.1 Necromancy
 + Level 10.1 Translocations
 + Level 10.1 Transmutations
 + Level 10.1 Fire Magic
 + Level 10.1 Ice Magic
 + Level 10.1 Air Magic
 + Level 10.1 Earth Magic
 + Level 10.1 Poison Magic


You knew the following spells:

 Your Spells              Type           Power      Damage    Failure   Level
a - Necrotise             Necr           100%       1d9       1%          1
b - Ensorcelled Hibernat  Hex/Ice        100%       N/A       1%          2
c - Mephitic Cloud        Conj/Pois/Air  55%        N/A       1%          3
d - Stone Arrow           Conj/Erth      100%       3d13      1%          3
f - Summon Forest         Summ/Tloc      27%        N/A       3%          5
Your spell library was empty.

Dungeon Overview and Level Annotations

Branches:
Dungeon (12/15)            Temple (0/1) D:7            Lair (0/5) D:9
    Orc (0/2) D:9          Bailey (visited)

Altars:
Elyvilon
Fedhas
Hepliaklqana
Makhleb
Nemelex Xobeh

Shops:
D:12 [(

Annotations:
D:10 2 runed translucent doors, ratmeat3's ghost, journeyman TrSh


Innate Abilities, Weirdness & Mutations

Your life essence is reduced to manifest your ancestor. (-10% HP)
You are immune to sickness and miasma.
You are immune to poison.
Your flesh is very heat resistant. (rF++)
You are vulnerable to cold. (rC-)
You float through the air rather than walking.
You learn spells naturally, not from books.
Your magical power is your life essence.
You have superior vitality. (+4 MHP)


Message History

The stone arrow hits the tengu conjurer!
The tengu conjurer is moderately wounded.
The tengu warrior hits Tertia with a +0 long sword!
Tertia is destroyed!
The stone arrow hits the tengu warrior!!!
The tengu warrior is almost dead.
The stone arrow misses the tengu warrior.
The stone arrow hits the tengu conjurer!!
The tengu conjurer is severely wounded.
The tengu warrior hits you with a +0 long sword!
The tengu warrior closely misses you.
The tengu warrior completely misses you.
The tengu conjurer mumbles some strange words.
The tengu conjurer blinks!
The tengu warrior blocks the stone arrow.
The tengu warrior hits you with a +0 long sword!
The tengu warrior pecks you. The tengu warrior claws you.
You are too injured to fight recklessly!
Casting: Stone Arrow (safe; 1% risk of failure)
Confirm with . or Enter, or press ? or * to list all spells.
Aiming: Stone Arrow (safe; 1% risk of failure)
Press: ? - help, Shift-Dir - straight line, f/p - tengu warrior
Aim: a tengu warrior, wielding a +0 long sword, wearing a +0 ring mail and wearing a +0 kite shield of cold resistance (almost dead, 63% to hit)
The tengu warrior blocks the stone arrow.
The tengu warrior hits you with a +0 long sword.
The tengu warrior pecks you! The tengu warrior claws you.
* * * LOW HITPOINT WARNING * * *
The tengu conjurer mumbles some strange words.
The tengu conjurer blinks!
Casting: Stone Arrow (safe; 1% risk of failure)
Confirm with . or Enter, or press ? or * to list all spells.
Aiming: Stone Arrow (safe; 1% risk of failure)
Press: ? - help, Shift-Dir - straight line, f/p - tengu warrior
Aim: a tengu warrior, wielding a +0 long sword, wearing a +0 ring mail and wearing a +0 kite shield of cold resistance (almost dead, 63% to hit)
The stone arrow hits the tengu warrior!!
You kill the tengu warrior!
* * * LOW HITPOINT WARNING * * *
The tengu conjurer casts a spell at you.
The bolt of lightning hits you!!
You die...

...........# #...
...........# #...
...........#####...
###########'##......###
#.....Q......#......#..
#..§.........#......#..
#............#......#..
#............#......#..
+.....@......#......#..
###.##)##....#......#.#
# #.################
<.. # ...# # ..:#. #
#.# . # .# ∩


You could see a tengu conjurer.

Vanquished Creatures
  A boulder beetle (D:11)
  A two-headed ogre (D:10)
  A tengu warrior (D:12)
  A skeletal warrior (D:7)
  Nergalle (D:11)
  A deep elf pyromancer (D:12)
  A cyclops (D:11)
  Joseph (D:9)
  An ice statue (D:11)
  A gargoyle (D:10)
  2 kobold demonologists (D:11)
  A troll (D:9)
  A vampire (D:10)
  A nameless horror (D:9)
  2 shadows
  4 yaks (D:10)
  A steam dragon (D:10)
  4 wraiths
  A warg (D:9)
  3 acid dragons
  5 orc warriors
  A black bear (D:7)
  2 ogres
  5 centaurs
  A phantom (D:6)
  8 kobold brigands
  2 gnoll sergeants
  4 scorpions
  6 wights
  6 killer bees (D:11)
  6 orc priests
  A hound (D:7)
  2 jellies
  3 sleepcaps
  10 orc wizards
  14 gnolls
  4 adders
  3 white imps
  3 worms
  35 orcs
  6 ball pythons
  3 bats (D:1)
  6 endoplasms
  3 giant cockroaches
  7 goblins
  9 hobgoblins
  16 kobolds
  6 quokkas
  2 frilled lizards
  9 rats
218 creatures vanquished.

Vanquished Creatures (collateral kills)
  2 cyclopes
  A komodo dragon (D:11)
  A troll (D:11)
  3 wargs (D:9)
  A black bear (D:5)
  An orc warrior (D:8)
  A sky beast (D:6)
  An ice beast (D:5)
  A phantom (D:5)
  A bullfrog (D:5)
  A gnoll sergeant (D:9)
  A gnoll bouda (D:6)
  2 jellies (D:6)
  An orc priest (D:7)
  An iguana (D:6)
  4 orc wizards
  10 gnolls
  2 adders
  3 dart slugs
  4 orcs
  An endoplasm (D:1)
  A giant cockroach (D:1)
  A goblin (D:9)
  A hobgoblin (D:9)
  A ball python (D:3)
  4 kobolds
51 creatures vanquished.

Vanquished Creatures (others)
  An unseen horror (D:11)
  4 knights
5 creatures vanquished.

Grand Total: 274 creatures vanquished

Notes
Turn   | Place    | Note
-------+----------+-------------------------------------------
     0 | D:5      | cforsyth the Djinni Delver began the quest for the Orb.
     0 | D:5      | Reached XP level 1. HP: 20/20 MP: 0/0
    48 | D:5      | Reached XP level 2. HP: 16/25 MP: 0/0
   139 | D:5      | Noticed a scorpion
   165 | D:5      | Found a sparkling altar of Nemelex Xobeh.
   274 | D:4      | Found a hazy altar of Hepliaklqana.
   285 | D:4      | Became a worshipper of Hepliaklqana the Forgotten
   475 | D:3      | Reached skill level 1 in Spellcasting
   475 | D:3      | Reached skill level 1 in Conjurations
   475 | D:3      | Reached skill level 1 in Hexes
   475 | D:3      | Reached skill level 1 in Summonings
   475 | D:3      | Reached skill level 1 in Necromancy
   475 | D:3      | Reached skill level 1 in Translocations
   475 | D:3      | Reached skill level 1 in Transmutations
   475 | D:3      | Reached skill level 1 in Fire Magic
   475 | D:3      | Reached skill level 1 in Ice Magic
   475 | D:3      | Reached skill level 1 in Air Magic
   475 | D:3      | Reached skill level 1 in Earth Magic
   475 | D:3      | Reached skill level 1 in Poison Magic
   523 | D:3      | Reached XP level 3. HP: 23/30 MP: 0/0
   523 | D:3      | Learned a level 1 spell: Necrotise
  1056 | D:2      | Reached XP level 4. HP: 27/37 MP: 0/0
  1059 | D:2      | Reached skill level 4 in Fighting
  1298 | D:1      | Reached * piety under Hepliaklqana
  2105 | D:2      | Found a faded altar of an unknown god.
  2154 | D:2      | Reached XP level 5. HP: 36/36 MP: 0/0
  2154 | D:2      | Learned a level 2 spell: Ensorcelled Hibernation
  2240 | D:2      | Reached ** piety under Hepliaklqana
  2241 | D:2      | Remembered your ancestor Tertia as a knight
  3221 | D:4      | Reached XP level 6. HP: 35/44 MP: 0/0
  3358 | D:4      | Reached skill level 5 in Fighting
  3822 | D:5      | Noticed an ogre
  3830 | D:5      | Killed an ogre
  3831 | D:5      | Reached XP level 7. HP: 49/49 MP: 0/0
  3831 | D:5      | Learned a level 3 spell: Mephitic Cloud
  3887 | D:5      | Reached *** piety under Hepliaklqana
  3933 | D:5      | Reached skill level 6 in Fighting
  4408 | D:5      | Reached XP level 8. HP: 32/55 MP: 0/0
  4580 | D:6      | Reached skill level 7 in Fighting
  4843 | D:6      | Reached skill level 5 in Spellcasting
  4843 | D:6      | Reached skill level 5 in Conjurations
  4843 | D:6      | Reached skill level 5 in Hexes
  4843 | D:6      | Reached skill level 5 in Summonings
  4843 | D:6      | Reached skill level 5 in Necromancy
  4843 | D:6      | Reached skill level 5 in Translocations
  4843 | D:6      | Reached skill level 5 in Transmutations
  4843 | D:6      | Reached skill level 5 in Fire Magic
  4843 | D:6      | Reached skill level 5 in Ice Magic
  4843 | D:6      | Reached skill level 5 in Air Magic
  4843 | D:6      | Reached skill level 5 in Earth Magic
  4843 | D:6      | Reached skill level 5 in Poison Magic
  4889 | D:6      | Reached skill level 8 in Fighting
  4889 | D:6      | Reached XP level 9. HP: 56/63 MP: 0/0
  4889 | D:6      | Learned a level 3 spell: Stone Arrow
  5675 | D:7      | Reached skill level 9 in Fighting
  5928 | D:7      | Reached **** piety under Hepliaklqana
  6145 | D:7      | Found a staircase to the Ecumenical Temple.
  6304 | D:8      | Noticed a skeletal warrior
  6306 | D:8      | Found the +5 scythe "Finisher" {speed, execute}
  6316 | D:8      | Reached XP level 10. HP: 61/72 MP: 0/0
  6476 | D:7      | Killed a skeletal warrior
  6477 | D:7      | Reached skill level 10 in Fighting
  7149 | D:9      | Found a flagged portal.
  7166 | D:9      | Found a blossoming altar of Fedhas.
  7186 | Bailey   | Entered a bailey
  7304 | Bailey   | Reached skill level 11 in Fighting
  7322 | Bailey   | Found an iron altar of Okawaru.
  7576 | D:9      | Found a staircase to the Orcish Mines.
  7584 | D:9      | Reached XP level 11. HP: 36/78 MP: 0/0
  7584 | D:9      | Learned a level 5 spell: Summon Forest
  7740 | D:9      | Found a staircase to the Lair.
  7774 | D:9      | Noticed Joseph
  7782 | D:9      | Killed Joseph
  7873 | D:9      | Reached ***** piety under Hepliaklqana
  8354 | D:10     | Entered Level 10 of the Dungeon
  8504 | D:10     | Found a white marble altar of Elyvilon.
  8524 | D:10     | Reached skill level 12 in Fighting
  8592 | D:10     | Noticed a two-headed ogre
  8597 | D:10     | Killed a two-headed ogre
  8906 | D:10     | Found a large runed translucent door.
  8906 | D:10     | Found a large runed translucent door.
  8907 | D:10     | Noticed ratmeat3's ghost (journeyman TrSh)
  9022 | D:10     | Found a burning altar of Makhleb.
  9151 | D:11     | Noticed a boulder beetle
  9262 | D:11     | Killed a boulder beetle
  9279 | D:11     | Noticed a cyclops
  9282 | D:11     | Killed a cyclops
  9417 | D:11     | Reached skill level 13 in Fighting
  9456 | D:11     | Noticed Nergalle
  9456 | D:11     | Noticed a cyclops
  9469 | D:11     | Killed Nergalle
  9470 | D:11     | Reached XP level 12. HP: 51/88 MP: 0/0
  9998 | D:12     | Reached skill level 10 in Spellcasting
  9998 | D:12     | Reached skill level 10 in Conjurations
  9998 | D:12     | Reached skill level 10 in Hexes
  9998 | D:12     | Reached skill level 10 in Summonings
  9998 | D:12     | Reached skill level 10 in Necromancy
  9998 | D:12     | Reached skill level 10 in Translocations
  9998 | D:12     | Reached skill level 10 in Transmutations
  9998 | D:12     | Reached skill level 10 in Fire Magic
  9998 | D:12     | Reached skill level 10 in Ice Magic
  9998 | D:12     | Reached skill level 10 in Air Magic
  9998 | D:12     | Reached skill level 10 in Earth Magic
  9998 | D:12     | Reached skill level 10 in Poison Magic
 10199 | D:12     | Found Gopub's Antique Weapon Shop.
 10261 | D:12     | Noticed a tengu warrior
 10265 | D:12     | Found Duegext's Antique Armour Boutique.
 10276 | D:12     | Killed a tengu warrior
 10276 | D:12     | Killed from afar by a tengu conjurer

Illustrated notes

Levels and vault maps discovered:
D:1:      giann_bridges, layout_basic
D:2:      layout_basic, hellmonk_ecumenical_altar_crossroads
D:3:      layout_basic, grunt_ministairs_9, hangedman_decor_points, st_stairs_8,
          amcnicky_mini_pool_small, minmay_statues_item
D:4:      layout_basic, mainiacjoe_overflow_tiny_flanked,
          mainiacjoe_overflow_alcove_2, kennysheep_path_1
D:5:      layout_layer_cave, nemelex_spade_bored_becter,
          minmay_gold_behind_fungi, hangedman_abyss_or_decor_stagger
D:6:      layout_loops_ring, minmay_misc_feat_iff, minmay_manual_mares
D:7:      layout_loops_ring, minmay_temple_entry_proselytizer, serial_glass,
          glass_columns_c, glass_columns_a
D:8:      layout_loops_ring, nicolae_overflow_hidden_temple,
          minmay_guarded_unrand_finisher
D:9:      layout_stronghold, fedhas_altar_1, lair_entry_dummy,
          minmay_orc_entry_guard_dogs, enter_bailey_4, uniq_joseph
D:10:     layout_stronghold, old_standard_altar, general_overflow_altar,
          mainiacjoe_overflow_six_doors_small, ebering_ghost_disaster_area
D:11:     minmay_klotski, layout_gridville, minivault_15, uniq_fannar,
          uniq_nergalle
D:12:     layout_gridville, serial_shops, nicolae_diamond_shop,
          nicolae_shop_advertising_works [nicolae_subvault_shop_adworks],
          nicolae_shop_gibbet_a_chance, shop, nicolae_shop_peninsula,
          minmay_liquid_box, uniq_jorgrun

Skill      XL: |  1  2  3  4  5  6  7  8  9 10 11 12 |
---------------+-------------------------------------+-----
Spellcasting   | 1 2 3 4 5 6 8 9 10 | 10.1
Conjurations   | 1 2 3 4 5 6 8 9 10 | 10.1
Hexes          | 1 2 3 4 5 6 8 9 10 | 10.1
Summonings     | 1 2 3 4 5 6 8 9 10 | 10.1
Necromancy     | 1 2 3 4 5 6 8 9 10 | 10.1
Translocations | 1 2 3 4 5 6 8 9 10 | 10.1
Transmutations | 1 2 3 4 5 6 8 9 10 | 10.1
Fire Magic     | 1 2 3 4 5 6 8 9 10 | 10.1
Ice Magic      | 1 2 3 4 5 6 8 9 10 | 10.1
Air Magic      | 1 2 3 4 5 6 8 9 10 | 10.1
Earth Magic    | 1 2 3 4 5 6 8 9 10 | 10.1
Poison Magic   | 1 2 3 4 5 6 8 9 10 | 10.1
Fighting       | 4 5 6 8 9 11 13 | 13.7
Long Blades    | |  1.7
Dodging        | |  2.1
Stealth        | |  4.1

Action                     |  1- 3 |  4- 6 |  7- 9 | 10-12 || total
---------------------------+-------+-------+-------+-------++-------
  Melee: Falchion          |    89 |   172 |   121 |       ||   382
         Punch             |       |     1 |     2 |       ||     3
         Scythe            |       |       |       |     9 ||     9
   Cast: Mephitic Cloud    |       |       |     8 |       ||     8
         Stone Arrow       |       |       |    66 |   217 ||   283
         Summon Forest     |       |       |       |     3 ||     3
 Invoke: Ancestor Life: Kn |       |     1 |       |       ||     1
  Evoke: Wand              |     1 |     5 |       |       ||     6
    Use: Scroll            |       |       |       |     8 ||     8
   Stab: Sleeping          |     2 |    19 |     2 |     1 ||    24
         Confused          |       |       |     3 |       ||     3
 Armour: Leather armour    |    57 |    68 |   122 |    59 ||   306
  Dodge: Dodged            |    64 |    97 |   107 |    46 ||   314

Table legend: (Time is in decaauts)
 A = Elapsed time spent in this place.
 B = Non-inter-level travel time spent in this place.
 C = Inter-level travel time spent in this place.
 D = Time resting spent in this place.
 E = Time spent auto-exploring this place.
 F = Levels seen in this place.
 G = Mean time per level.
                   A        B        C        D        E       F      G
               +--------+--------+--------+--------+--------+-----+--------+
         Total |  10360 |   9924 |    436 |    349 |   7447 |  13 |  796.9 |
       Dungeon |  10153 |   9717 |    436 |    336 |   7345 |  12 |  846.1 |
        Bailey |    206 |    206 |      0 |     13 |    102 |   1 |  206.0 |
               +--------+--------+--------+--------+--------+-----+--------+

Top non-repeatable levels by time:
     D:5: 1171 daAuts
     D:4: 1045 daAuts
     D:9: 1026 daAuts
     D:7: 960 daAuts
     D:3: 884 daAuts
     D:1: 878 daAuts
     D:6: 878 daAuts
    D:11: 801 daAuts
    D:10: 764 daAuts
     D:2: 722 daAuts
     D:8: 663 daAuts
    D:12: 356 daAuts
  Bailey: 206 daAuts
